Map: Lost and Found LE

Players

GAMETlME

  • Race: Zerg Zerg
  • League: Grandmaster
  • Spawn Location: 1:00

Maplez - Winner!

  • Race: Protoss Protoss
  • League: Grandmaster
  • Spawn Location: 7:00

VOD

Have the link to the VOD?

Description

Time

  • Played on: Aug. 22, 2018, 5:44 p.m.
  • Length: 13:38
Show
View Real Time Build Order
Export as new Build Order

GAMETlME Zerg 

Build Orders: Hatch First 

Get SALT Encoding   

  12  0:04  Drone  
  13  0:13  Overlord  
  13  0:19  Drone  
  14  0:32  Drone  
  14  0:33  Drone  
  16  0:40  Drone  
  17  0:52  Hatchery  
  16  0:57  Drone  
  16  1:01  Drone  
  18  1:12  Extractor  
  18  1:14  Spawning Pool  
  18  1:17  Drone  
  17  1:20  Drone  
  18  1:32  Drone  
  19  1:50  Drone  
  20  1:55  Hatchery  
  20  1:57  Drone  
  20  2:01  Queen  
  22  2:09  Drone  
  22  2:12  Metabolic Boost  
  23  2:19  Overlord  
  23  2:21  Drone  
  24  2:24  Drone  
  24  2:28  Drone  
  27  2:30  Drone  
  27  2:43  Queen x2  
  31  2:46  Zergling x2  
  31  2:49  Zergling x2  
  31  2:51  Zergling x2  
  34  2:55  Overlord  
  34  3:00  Overlord  
  34  3:01  Drone  
  35  3:11  Drone x3  
  37  3:18  Zergling x4  
  37  3:19  Overlord, Drone  
  40  3:20  Drone  
  40  3:24  Drone  
  41  3:29  Drone  
  42  3:35  Overlord  
  42  3:38  Drone  
  42  3:39  Drone  
  44  3:42  Drone  
  44  3:48  Drone  
  46  3:49  Drone  
  46  3:53  Drone x6  
  46  3:54  Drone  
  54  4:00  Spore Crawler  
  54  4:01  Overlord, Spore Crawler x2  
  51  4:04  Drone  
  51  4:05  Drone  
  53  4:10  Drone  
  53  4:14  Drone, Lair, Extractor  
  53  4:16  Extractor  
  53  4:19  Drone x2  
  53  4:21  Extractor  
  53  4:22  Drone  
  53  4:24  Drone  
  56  4:26  Drone  
  56  4:27  Drone x2  
  56  4:29  Drone  
  59  4:35  Overlord  
  59  4:37  Drone x2  
  59  4:38  Drone  
  61  4:42  Overlord  
  61  4:48  Overlord  
  61  4:49  Drone x4  
  61  4:50  Drone  
  66  5:04  Roach Warren  
  66  5:05  Evolution Chamber  
  64  5:09  Extractor x2  
  63  5:16  Drone x3  
  63  5:18  Drone  
  63  5:21  Evolution Chamber  
  65  5:32  Overlord x2  
  65  5:37  Zerg Missile Weapons Level 1  
  65  5:44  Roach x12, Glial Reconstitution  
  65  5:45  Overlord  
  65  5:46  Overlord x2  
  88  5:51  Zerg Ground Armor Level 1, Roach  
  88  5:54  Roach  
  88  5:55  Roach  
  88  5:56  Roach  
  96  5:58  Overseer  
  96  6:00  Roach  
  98  6:07  Drone x7  
  98  6:10  Drone x2  
  106  6:12  Drone  
  106  6:15  Drone  
  106  6:18  Extractor x2  
  106  6:32  Overlord x2  
  106  6:33  Drone  
  106  6:34  Hatchery  
  106  6:39  Drone  
  107  6:40  Hydralisk Den  
  107  6:44  Overlord x6  
  106  6:50  Roach x3  
  106  6:52  Roach  
  116  6:54  Roach  
  116  6:55  Roach  
  118  7:02  Roach x2  
  122  7:15  Muscular Augments  
  122  7:16  Hydralisk x5  
  122  7:18  Hydralisk  
  134  7:23  Hydralisk x2  
  134  7:25  Hydralisk  
  134  7:28  Hydralisk  
  142  7:31  Hydralisk  
  142  7:33  Hydralisk  
  142  7:36  Hydralisk  
  148  7:42  Drone  
  148  7:43  Hydralisk  
  151  7:45  Lurker Den  
  151  7:46  Pneumatized Carapace  
  151  7:48  Hydralisk  
  151  7:50  Drone  
  153  7:51  Hydralisk  
  153  7:57  Hydralisk x2  
  159  8:00  Zerg Missile Weapons Level 2  
  159  8:04  Hydralisk  
  161  8:08  Hydralisk x2  
  161  8:11  Hydralisk  
  167  8:15  Hydralisk  
  164  8:24  Hydralisk x2  
  163  8:27  Grooved Spines  
  163  8:29  Hydralisk  
  160  8:36  Drone x3  
  160  8:37  Drone x3  
  160  8:38  Drone  
  167  8:49  Hydralisk  
  167  8:50  Hydralisk x2  
  167  8:51  Hatchery  
  167  8:53  Overlord  
  172  9:02  Hydralisk x3  
  178  9:10  Hydralisk  
  180  9:22  Hydralisk x2  
  176  9:25  Hydralisk  
  176  9:27  Roach  
  176  9:28  Overlord x2  
  172  9:39  Hydralisk  
  172  9:40  Hydralisk x2  
  172  9:41  Overlord  
  172  9:42  Overlord x2  
  178  9:50  Hydralisk x2  
  148  9:53  Hydralisk  
  148  9:56  Roach  
  131  10:00  Roach  
  131  10:02  Roach, Queen  
  131  10:09  Roach  
  131  10:14  Roach x2  
  128  10:19  Roach  
  124  10:23  Roach  
  124  10:24  Roach, Queen  
  124  10:27  Drone x3  
  129  10:31  Drone  
  129  10:33  Roach x3, Lurker  
  129  10:35  Roach x2  
  141  10:36  Roach  
  141  10:41  Roach  
  145  10:43  Roach  
  145  10:45  Roach  
  149  10:52  Roach  
  149  10:54  Roach  
  149  10:55  Overseer x2  
  149  10:56  Overseer  
  153  10:57  Roach  
  155  11:09  Hydralisk  
  155  11:10  Hydralisk x4  
  165  11:13  Hydralisk  
  165  11:18  Hydralisk  
  169  11:20  Hydralisk  
  171  11:31  Hydralisk x2  
  175  11:37  Hydralisk x2  
  179  11:47  Hydralisk x3  
  179  11:52  Hydralisk  
  187  12:01  Hydralisk x3  
  187  12:04  Roach x2  
  197  12:13  Hydralisk  
  189  12:23  Hydralisk x4  
  189  12:24  Hydralisk  
  162  12:51  Hydralisk x4  
  162  12:52  Hydralisk x5  
  161  13:04  Overseer  
  161  13:06  Hydralisk  
  161  13:07  Hydralisk x2  
  161  13:14  Roach  
  161  13:15  Roach x2  
Show
View Real Time Build Order
Export as new Build Order

Maplez Protoss - Winner!

Build Orders: 1 Gate Expand, Oracle Opening, Phoenix Opening, Zealot Archon 

Get SALT Encoding   

  12  0:00  Probe  
  13  0:12  Probe  
  14  0:17  Pylon  
  14  0:23  Probe  
  15  0:31  Probe  
  15  0:38  Gateway  
  15  0:40  Probe  
  16  0:47  Assimilator  
  17  0:52  Probe  
  19  1:04  Probe  
  19  1:16  Probe  
  19  1:17  Pylon  
  20  1:31  Nexus  
  20  1:32  Probe  
  21  1:39  Cybernetics Core  
  21  1:44  Probe  
  22  1:51  Assimilator  
  22  1:55  Pylon  
  22  1:56  Probe  
  23  2:07  Adept  
  23  2:13  Probe  
  26  2:23  Stargate  
  26  2:25  Probe  
  27  2:33  Warp Gate, Probe  
  27  2:38  Adept  
  27  2:39  Probe  
  27  2:41  Probe  
  31  2:47  Probe  
  33  2:52  Probe  
  33  2:57  Probe  
  34  3:04  Probe  
  36  3:09  Probe  
  37  3:16  Probe  
  37  3:19  Assimilator  
  36  3:21  Probe  
  36  3:22  Adept, Assimilator  
  36  3:25  Oracle, Gateway  
  39  3:27  Shield Battery  
  39  3:28  Probe  
  39  3:33  Probe  
  44  3:36  Pylon  
  44  3:40  Probe  
  45  3:45  Probe  
  45  3:47  Robotics Facility  
  46  3:54  Probe  
  46  3:55  Twilight Council  
  47  3:59  Phoenix  
  47  4:01  Probe  
  50  4:06  Probe  
  51  4:11  Pylon  
  51  4:13  Probe  
  52  4:17  Gateway  
  52  4:20  Gateway  
  52  4:21  Charge  
  52  4:24  Probe  
  53  4:25  Probe  
  53  4:30  Warp Prism  
  54  4:35  Templar Archives  
  54  4:36  Probe  
  57  4:48  Probe  
  57  4:51  Pylon  
  58  5:03  Adept x2  
  62  5:17  Nexus  
  62  5:19  Pylon  
  62  5:28  Forge  
  62  5:33  High Templar  
  62  5:34  High Templar x3  
  70  5:38  Archon x2  
  70  5:41  Probe, Observer  
  72  5:45  Shield Battery  
  72  5:52  Probe  
  72  5:53  Probe  
  72  5:55  Gateway  
  72  5:56  Gateway  
  74  5:57  Gateway x2  
  74  5:59  Void Ray  
  74  6:04  Probe  
  74  6:10  Pylon  
  75  6:20  Protoss Ground Weapons Level 1  
  75  6:23  Pylon  
  75  6:24  Immortal  
  75  6:29  Probe  
  81  6:32  Probe  
  81  6:33  Probe  
  81  6:36  Zealot x4  
  90  6:41  Probe  
  90  6:43  Psionic Storm  
  90  6:45  Probe  
  92  6:47  Assimilator  
  92  6:48  Assimilator  
  92  6:54  Probe  
  92  6:55  Probe  
  92  6:58  Observer  
  95  7:01  Probe  
  95  7:06  Probe  
  95  7:07  Probe  
  97  7:13  Probe  
  98  7:18  Probe  
  98  7:21  Zealot x5  
  109  7:24  Pylon  
  109  7:25  Pylon  
  109  7:27  Pylon  
  109  7:32  Pylon  
  109  7:37  Immortal  
  109  7:42  Probe  
  109  7:43  Zealot x4  
  122  7:44  High Templar  
  122  7:47  High Templar x2  
  122  7:48  High Templar  
  122  7:51  Probe  
  131  7:55  Robotics Facility  
  131  8:09  Nexus  
  131  8:11  Pylon  
  131  8:12  Immortal  
  131  8:16  Zealot x3, Dark Shrine  
  131  8:19  Observer  
  141  8:21  Pylon  
  131  8:34  Immortal  
  123  8:36  High Templar x4  
  131  8:45  Archon  
  131  8:47  Archon  
  135  8:48  Zealot  
  135  8:49  Zealot x3  
  135  8:50  Oracle  
  135  8:51  Immortal  
  135  8:53  Photon Cannon  
  150  9:04  Photon Cannon x2  
  150  9:05  Photon Cannon, Immortal  
  150  9:07  Shield Battery  
  150  9:08  Shield Battery  
  150  9:35  Dark Templar x3  
  150  9:36  Dark Templar x2  
  148  9:45  Zealot x3  
  148  9:55  Protoss Ground Weapons Level 2, Archon  
  148  10:16  Pylon  
  148  10:18  Pylon, Shield Battery  
  148  10:19  Pylon, Shield Battery  
  144  10:28  Immortal, Nexus  
  144  10:29  Immortal  
  144  10:31  Archon x2  
  152  10:37  Zealot  
  152  10:38  Zealot x4  
  152  10:39  High Templar x3  
  168  10:53  Probe x2  
  168  11:02  Probe  
  153  11:12  Zealot x6, High Templar x2  
  169  11:19  Probe  
  169  11:20  Probe x2  
  172  11:28  Pylon  
  172  11:30  Pylon  
  172  11:31  Pylon  
  172  11:32  Oracle, Probe  
  170  11:55  Pylon  
  170  11:57  Zealot x3  
  170  11:58  Zealot x5  
  178  12:10  Immortal x2  
  178  12:26  Zealot x6  
  178  12:27  Zealot x2  
  190  12:37  Fleet Beacon  
  178  12:49  Immortal  
  178  12:51  Stalker x5  
  178  12:52  Stalker x2  
  178  12:58  Dark Templar  
  172  13:09  Assimilator  
  172  13:11  Assimilator  
  172  13:14  Zealot x3  
  171  13:24  Stalker x3  
Tags
 
Add a new tag
Caveats
  • Supply blocks, unpowered buildings, or Contaminate may cause inaccurate times.
  • Supply counts are checked every 10 seconds.